 Dungeon Crawl Stone Soup version 0.30-a0-557-ge2afbf3030 (webtiles) character file.

Game seed: 12612930124624681091

44 HoaS the Shooter (level 3, -5/21 HPs)
             Began as a Tengu Hunter on Dec 27, 2022.
             Slain by Terence
             ... wielding a +0 flail
              (6 damage)
             ... on level 2 of the Dungeon.
             The game lasted 00:03:04 (1643 turns).

HoaS the Shooter (Tengu Hunter)                     Turns: 1643, Time: 00:03:05

Health: -5/21      AC:  3    Str: 11    XL:     3   Next: 62%
Magic:  0/4        EV: 12    Int:  9    God:
Gold:   593        SH:  0    Dex: 19    Spells: 2/2 levels left

rFire   . . .      SeeInvis .    a - +0 shortbow
rCold   . . .      Faith    .    (shield currently unavailable)
rNeg    . . .      Spirit   +    c - +0 leather armour
rPois   .          Reflect  .    (helmet restricted)
rElec   .          Harm     .    (no cloak)
rCorr   .          Rampage  .    (no gloves)
Will    .....                    (boots unavailable)
Stlth   ++                       i - amulet of guardian spirit
HPRegen 0.23/turn                (no ring)
MPRegen 0.09/turn                (no ring)

@: no status effects
A: beak, talons 3
a: no special abilities


You were on level 2 of the Dungeon.
You visited 1 branch of the dungeon, and saw 2 of its levels.

You collected 593 gold pieces.

Inventory:

Hand Weapons
 a - a +0 shortbow (weapon)
Armour
 c - a +0 leather armour (worn)
Jewellery
 h - a ring of resist corrosion
 i - an amulet of guardian spirit (around neck)
Scrolls
 b - a scroll of immolation
Potions
 d - a potion of heal wounds {unknown}
 e - a potion of curing {unknown}
 f - a potion of mutation {unknown}
 g - a potion of flight {unknown}
 j - 2 potions of haste {unknown}
 k - 2 potions of ambrosia {unknown}


   Skills:
 - Level 2.0 Fighting
 * Level 5.8 Ranged Weapons
 - Level 2.1 Dodging
 - Level 1.0 Stealth


You had 2 spell levels left.
You didn't know any spells.
Your spell library contained the following spells:

 Spells                   Type           Power      Damage    Failure   Level
 Sandblast                Erth           0%         2d4       47%         1
 Summon Small Mammal      Summ           0%         N/A       47%         1
 Passwall                 Tmut/Erth      0%         N/A       63%         2
 Call Canine Familiar     Summ           0%         N/A       85%         3
 Stone Arrow              Conj/Erth      0%         3d7       85%         3
 Summon Guardian Golem    Hex/Summ       0%         N/A       85%         3


Dungeon Overview and Level Annotations

Branches:
Dungeon (2/15)

Altars:

Shops:
D:1 !

Annotations:
D:2 Terence


Innate Abilities, Weirdness & Mutations

You have a beak for a mouth.
You have claws for feet.


Message History

r - Retreat! s - Stop attacking. g - Guard the area. f - Follow me.
Anything else - Cancel.
You shout for attention!
What are your orders? t - Shout!
Orders for allies: a - Attack new target. r - Retreat! s - Stop attacking. g - Guard the area. f - Follow me.
Anything else - Cancel.
You shout for attention!
What are your orders? t - Shout!
Orders for allies: a - Attack new target. r - Retreat! s - Stop attacking. g - Guard the area. f - Follow me.
Anything else - Cancel.
Okay, then.
Done exploring.
There is a stone staircase leading down here.
You see here a stone.
You see here a +0 leather armour.
Terence says, "Time to say good-bye..."
Terence zaps a wand.
The puff of flame hits you! Terence hits you with a +0 flail!
You shoot an arrow.
The arrow hits Terence but does no damage.
Terence zaps a wand.
The puff of flame misses you.
You shoot an arrow. The arrow barely misses Terence.
Terence hits you with a +0 flail.
* * * LOW HITPOINT WARNING * * *
You shoot an arrow. The arrow hits Terence.
Terence is moderately wounded.
Terence zaps a wand.
The puff of flame hits you.
* * * LOW HITPOINT WARNING * * *
Terence barely misses you.
You shoot an arrow. The arrow hits Terence!
Terence is severely wounded.
Terence hits you with a +0 flail.
You die...

##.......##.#..........#.# #.
#........##.#....###.#.#.#######.
#.######.##.##.#[# #.#........##.
#.###....##....#.# #.'........##.
#.#...##########.# ###........##.
#.#.#.#####....#.# #........##.
....#.......#.##.# #........###
....##.######.##.# #........#
..............##@# ##########
...#.........###@############
..........)..###.#..........#
...#.............'.....†....#
...#.............#..........#
...#.............#..........#
####.............#.##########
#.............#.#
#.............###


You could see Terence.

Vanquished Creatures
  A gnoll (D:1)
  An adder (D:2)
  2 dart slugs
  An orc (D:2)
  An endoplasm (D:1)
  2 giant cockroaches (D:2)
  A goblin (D:1)
  3 jackals (D:1)
  A kobold (D:1)
  A quokka (D:2)
  A ball python (D:2)
  A frilled lizard (D:1)
  4 rats (D:1)
20 creatures vanquished.

Notes
Turn   | Place    | Note
-------+----------+-------------------------------------------
     0 | D:1      | HoaS the Tengu Hunter began the quest for the Orb.
     0 | D:1      | Reached XP level 1. HP: 12/12 MP: 2/2
   152 | D:1      | Found Muephut's Distillery.
   302 | D:1      | Reached XP level 2. HP: 17/17 MP: 3/3
   397 | D:1      | Reached skill level 5 in Ranged Weapons
   519 | D:1      | Reached XP level 3. HP: 20/21 MP: 4/4
   561 | D:1      | Found a faded altar of an unknown god.
   867 | D:2      | Identified a scroll of acquirement
   867 | D:2      | Acquired 530 gold pieces
  1117 | D:2      | Noticed Terence
  1642 | D:2      | HP: 1/21 [Terence/puff of flame (4)]
  1643 | D:2      | Slain by Terence

Illustrated notes

Levels and vault maps discovered:
D:1:      giann_forest_graveyard, layout_loops_ring, serial_shops,
          nicolae_shop_hallway_plus, chequers_ecumenical_altar_simple_redux
D:2:      layout_basic, grunt_ministairs_5, uniq_terence

Skill      XL: |  1  2 |
---------------+-------+-----
Ranged Weapons | 5 |  5.8
Fighting       | |  2.0
Dodging        | |  2.1
Stealth        | |  1.0

Action                   || total
-------------------------++-------
 Fire: Shortbow          ||    54
  Use: Scroll            ||     3
Armor: Leather armour    ||     6
Dodge: Dodged            ||    10

Table legend: (Time is in decaauts)
 A = Elapsed time spent in this place.
 B = Non-inter-level travel time spent in this place.
 C = Inter-level travel time spent in this place.
 D = Time resting spent in this place.
 E = Time spent auto-exploring this place.
 F = Levels seen in this place.
 G = Mean time per level.
                   A        B        C        D        E       F      G
               +--------+--------+--------+--------+--------+-----+--------+
         Total |   1658 |   1540 |    118 |    130 |   1189 |   2 |  829.0 |
       Dungeon |   1658 |   1540 |    118 |    130 |   1189 |   2 |  829.0 |
               +--------+--------+--------+--------+--------+-----+--------+

Top non-repeatable levels by time:
     D:1: 920 daAuts
     D:2: 737 daAuts
